 Dungeon Crawl Stone Soup version 0.27-a0-1147-gb3d8e82157 (webtiles) character file.

Game seed: 10279899069435406811

29 Froggeryz the Ruffian (level 3, -2/29 HPs)
             Began as a Mummy Monk on May 12, 2021.
             Slain by a bullfrog (7 damage)
             ... on level 2 of the Dungeon.
             The game lasted 00:02:00 (3035 turns).

Froggeryz the Ruffian (Mummy Monk)                  Turns: 3035, Time: 00:02:01

Health: -2/29      AC:  0    Str: 15    XL:     3   Next: 1%
Magic:  3/3        EV: 12    Int:  9    God:
Gold:   50         SH:  0    Dex: 14    Spells: 2/2 levels left

rFire    x . .     SeeInvis .     - Unarmed
rCold    + . .     Faith    .   (no shield)
rNeg     + + +     Spirit   .   (no armour)
rPois    ∞         Reflect  .   (no helmet)
rElec    .         Harm     .   (no cloak)
rCorr    .         Rampage  .   (no gloves)
Will     .....                  (no boots)
Stlth    ++........             (no amulet)
HPRegen  0.09/turn              (no ring)
MPRegen  0.08/turn              (no ring)

@: no status effects
A: cold resistance 1, negative energy resistance 3, torment resistance 2, heat
vulnerability 1, no potions
a: no special abilities


You were on level 2 of the Dungeon.
You visited 1 branch of the dungeon, and saw 2 of its levels.

You collected 50 gold pieces.

Inventory:

Scrolls
 a - 2 scrolls of identify {unknown}
 b - a scroll of blinking {unknown}
 c - 2 scrolls of enchant weapon {unknown}
 d - a scroll of fear {unknown}


   Skills:
 - Level 3.0 Fighting
 - Level 2.4 Dodging
 - Level 1.5 Stealth
 * Level 3.4 Unarmed Combat


You had 2 spell levels left.
You didn't know any spells.
Your spell library was empty.

Dungeon Overview and Level Annotations

Branches:
Dungeon (2/15)

Altars:


Innate Abilities, Weirdness & Mutations

You are immune to poison.
Your flesh is cold resistant. (rC+)
You are immune to negative energy. (rN+++)
You are immune to unholy pain and torment.
You are vulnerable to heat. (rF-)
You do not drink.


Message History

A frilled lizard is nearby!
A frilled lizard is nearby!
You hit the frilled lizard.
You kill the frilled lizard!
You have reached level 3!
Your experience leads to an increase in your attributes!
Increase (S)trength, (I)ntelligence, or (D)exterity?
You feel stronger.
Found 21 poisoned darts.
Found 9 sling bullets.
A ball python comes into view.
The ball python hisses angrily.
Found a stone staircase leading down.
The ball python closely misses you. The ball python barely misses you.
You punch the ball python!
You kill the ball python!
No target in view!
No target in view!
There is a stone staircase leading down here.
A worm is nearby!
A worm is nearby!
A worm is nearby!
The bullfrog gives a loud, deep croak!
The worm bites you!
You hit the worm.
The worm is moderately wounded.
You hit the worm.
The worm is heavily wounded.
The worm bites you!
You are too injured to fight recklessly!
Okay, then.
The bullfrog hits you.
* * * LOW HITPOINT WARNING * * *
The bullfrog barely misses you.
You barely miss the bullfrog. The bullfrog misses you.
The bullfrog closely misses you.
You hit the bullfrog.
The bullfrog is moderately wounded.
The bullfrog hits you!
You die...

.....###..........#
...#...#........#.
.#.#.#.#........# #
.#.#............#.#
.#.#.....###....#.#
.#..>....#.#..w...# #
#####......#....###.#
...##...##....w##...#
....#....###...F@.#
#÷...##..###..#####
'....+........#
#....##.......#
########......#
######....#.#
#.........#.#
###........##.#
.........#.##.#


You could see a bullfrog and a worm.

Vanquished Creatures
  An endoplasm (D:1)
  2 giant cockroaches
  3 goblins (D:1)
  4 hobgoblins
  2 quokkas
  4 ball pythons
  A bat (D:2)
  2 frilled lizards
  5 kobolds
  2 rats
26 creatures vanquished.

Notes
Turn   | Place    | Note
-------+----------+-------------------------------------------
     0 | D:1      | Froggeryz the Mummy Monk began the quest for the Orb.
     0 | D:1      | Reached XP level 1. HP: 18/18 MP: 1/1
   122 | D:1      | Found a faded altar of an unknown god.
   579 | D:1      | Reached XP level 2. HP: 4/24 MP: 2/2
  2519 | D:2      | Noticed a bullfrog
  2840 | D:2      | Reached XP level 3. HP: 29/29 MP: 3/3
  3035 | D:2      | Slain by a bullfrog

Illustrated notes

Levels and vault maps discovered:
D:1:      scummos_arrival_simple_crosswalls, layout_basic, serial_forest,
          infiniplex_forest_lined_corner, infiniplex_forest_straight_4,
          infiniplex_forest_lined_2, infiniplex_forest_straight_5,
          infiniplex_forest_end_2, infiniplex_forest_corner_2,
          infiniplex_forest_end_1, ebering_ecumenical_altar_rust
D:2:      layout_basic

Skill      XL: |  1  2 |
---------------+-------+-----
Unarmed Combat | 3 |  3.4
Fighting       | |  3.0
Dodging        | |  2.4
Stealth        | |  1.5

Action                   || total
-------------------------++-------
Melee: Unarmed           ||   107
       Punch             ||     2
 Stab: Sleeping          ||     3
Dodge: Dodged            ||    61

Table legend: (Time is in decaauts)
 A = Elapsed time spent in this place.
 B = Non-inter-level travel time spent in this place.
 C = Inter-level travel time spent in this place.
 D = Time resting spent in this place.
 E = Time spent auto-exploring this place.
 F = Levels seen in this place.
 G = Mean time per level.
                   A        B        C        D        E       F      G
               +--------+--------+--------+--------+--------+-----+--------+
         Total |   3029 |   2973 |     56 |   1505 |   1216 |   2 | 1514.5 |
       Dungeon |   3029 |   2973 |     56 |   1505 |   1216 |   2 | 1514.5 |
               +--------+--------+--------+--------+--------+-----+--------+

Top non-repeatable levels by time:
     D:1: 2345 daAuts
     D:2: 683 daAuts
